AoeStats
← Cinnamoroll

Arena

506550398Analyzed
4v4 RM · 17d ago on Sep 14, 2026· 26m 39s· 8 players
Game mode
Random Map
Map size
Large (8 player)
Population
200
Speed
Normal
Resources
Standard
Victory
Conquest
Starting age
Dark Age
Ending age
Imperial Age
RankedLock teamsTeams togetherTeam positionsShared explorationLock speedFull tech treeHidden civsTurbo modeCheats
Victory
Defeat
🇨🇦 Spanish · Canada
1505
+13
🇨🇳 Malians · China
1398
+17
🇨🇦 Persians · Canada
1382
+18
🇨🇳 Huns · China
1375
+18
🇨🇴 Mongols · Colombia
1449
-17
🇨🇱 Japanese · Chile
1431
-17
🇺🇸 Cumans · United States
1424
-16
🇨🇴 Khmer · Colombia
1419
-16
PMMePizza
9:09 Feudal Age
11:13 Double-Bit Axe
11:34 Horse Collar
20:06 Castle Age
19:19 Forging
19:15 Scale Barding Armor
20:07 Pikeman
20:40 Loom
23:24 Squires
24:20 Bloodlines
24:55 Gold Mining
26:20 Wheelbarrow
HR Fast_PIG
6:49 Loom
9:11 Feudal Age
21:39 Castle Age
20:59 Fletching
23:30 Bodkin Arrow
24:32 Double-Bit Axe
sebas0995932
9:42 Feudal Age
11:44 Loom
14:24 Castle Age
12:47 Double-Bit Axe
13:13 Horse Collar
15:20 Bow Saw
21:24 Wheelbarrow
21:53 Heavy Plow
maxwell54
10:36 Feudal Age
14:02 Castle Age
12:17 Double-Bit Axe
12:47 Horse Collar
14:48 Wheelbarrow
16:00 Bow Saw
19:39 Loom
21:47 Fletching
25:47 Gold Mining
Cinnamoroll
9:46 Loom
11:33 Feudal Age
14:17 Fletching
14:13 Double-Bit Axe
14:09 Horse Collar
19:08 Castle Age
20:23 Bow Saw
20:14 Heavy Plow
25:18 Wheelbarrow
25:33 Padded Archer Armor
D哥
12:33 Feudal Age
12:51 Loom
16:07 Castle Age
13:55 Double-Bit Axe
14:38 Horse Collar
16:13 Gold Mining
17:09 Bow Saw
19:12 Scale Barding Armor
25:37 Forging
安拉的使者
9:49 Feudal Age
14:49 Castle Age
13:12 Horse Collar
13:19 Double-Bit Axe
17:40 Wheelbarrow
17:32 Gold Mining
18:06 Loom
19:10 Scale Mail Armor
19:19 Town Watch
21:09 Squires
22:18 Forging
剧终
10:23 Feudal Age
14:16 Castle Age
12:06 Double-Bit Axe
12:31 Horse Collar
21:17 Bow Saw
22:07 Heavy Plow
23:41 Wheelbarrow
22:52 Loom
24:51 Hand Cart
26:39 Husbandry
26:50 Bloodlines
29:34 Imperial Age
27:27 Bloodlines
Connection lost

Rejoining the realm…

Still unreachable

The connection could not be restored.

Session expired

The server has moved on; the page needs a fresh start.